 Dungeon Sprint DCSS version 0.29-a0-297-g7659ce593d (webtiles) character file.

Game seed: 11673911432381968681

9300000 namelastname112 the Conqueror (level 27, -40/249 HPs)
             Began as a Demonspawn Monk on Mar 20, 2022.
             Was the Champion of Makhleb.
             Killed by the air
             ... invoked by a tyrant
              (46 damage)
             ... in the Dungeon (Sprint VIII: "Arena of Blood").
             The game lasted 00:02:31 (93 turns).

namelastname112 the Conqueror (Demonspawn Monk)       Turns: 93, Time: 00:02:32

Health: -40/249    AC: 16    Str: 12    XL:     27
Magic:  51/52      EV: 43    Int: 16    God:    Makhleb [******]
Gold:   0          SH:  0    Dex: 25    Spells: 76/76 levels left

rFire   + . .      SeeInvis .   j - +∞ Axe of Woe
rCold   . . .      Faith    .   (shield currently unavailable)
rNeg    . . .      Spirit   .   b - +0 robe
rPois   .          Reflect  .   (no helmet)
rElec   .          Harm     .   (no cloak)
rCorr   .          Rampage  .   (gloves unavailable)
Will    ++...      NoTele   +   (no boots)
Stlth   ++++++++++              (no amulet)
HPRegen 0.51/turn               k - ring of protection from fire
MPRegen 0.33/turn               (no ring)

@: mighty, agile, sanguine armoured
A: icemail 2, powered by pain 3, augmentation 3, sanguine armour 3, condensation
shield, demonic touch 3
a: Renounce Religion, Minor Destruction, Lesser Servant of Makhleb, Major
Destruction, Greater Servant of Makhleb


You were in the Dungeon.
You worshipped Makhleb.
Makhleb was exalted by your worship.
You visited 1 branch

Inventory:

Hand Weapons
 a - a +0 hand axe
 j - the +∞ Axe of Woe (weapon)
   (You found it in the Dungeon)
Armour
 b - a +0 robe (worn)
Jewellery
 k - a ring of protection from fire (left hand)
Scrolls
 i - a scroll of blinking
Potions
 c - a potion of ambrosia
 d - a potion of curing
 e - a potion of heal wounds
 f - a potion of haste
 g - 2 potions of magic
 h - a potion of berserk rage


   Skills:
 O Level 27 Fighting
 + Level 25.0(27) Short Blades
 + Level 23.3(27) Long Blades
 O Level 27 Axes
 + Level 23.3(27) Maces & Flails
 + Level 23.2(27) Polearms
 + Level 23.3(27) Staves
 + Level 25.0(27) Slings
 + Level 25.0 Bows
 + Level 25.0 Crossbows
 + Level 25.0(27) Throwing
 + Level 25.0 Armour
 O Level 27 Dodging
 O Level 27 Stealth
 + Level 25.0 Shields
 + Level 25.0 Unarmed Combat
 + Level 25.4 Spellcasting
 O Level 27 Conjurations
 O Level 27 Hexes
 O Level 27 Summonings
 O Level 27 Necromancy
 + Level 25.0 Translocations
 + Level 25.0 Transmutations
 + Level 25.0 Fire Magic
 + Level 25.0 Ice Magic
 + Level 25.0 Air Magic
 + Level 25.4 Earth Magic
 O Level 27 Poison Magic
 O Level 27 Invocations
 O Level 27 Evocations


You had 76 spell levels left.
You didn't know any spells.
Your spell library was empty.

Dungeon Overview and Level Annotations

Branches:
Dungeon (1/1)

Altars:
Makhleb


Innate Abilities, Weirdness & Mutations

A meltable icy envelope protects you from harm. (AC +0)
You are powered by pain.
Your magical and physical power is greatly enhanced at high health.
When seriously injured, your blood forms very thick armour. (AC +12)
A meltable shield of frost defends you. (SH +0)
Your touch may irresistibly damage your foes and sap their willpower.


Message History

You take 2 damage, and have 56/249 hp!
You slice the meat beast like a ripe choko!!!
You fatally mangle the meat beast!
You annihilate the meat beast!!!
Makhleb roars: ANNIHILATED!
You feel better!
The accursed appears out of thin air!!!
An accursed comes into view!
You hear a shout!!! x3
A bolt of negative energy appears from out of thin air!!!
The bolt of negative energy hits you!!!!!!!!!!!!
You feel drained! * * * don't die
* * * You hear a shout!!! x2
Your life force feels restored!
Your base Short Blades skill increases to level 25!!!
Your base Long Blades skill increases to level 23!!!
Your base Maces & Flails skill increases to level 23!!!
Your base Polearms skill increases to level 23!!!
Your base Staves skill increases to level 23!!!
Your base Slings skill increases to level 25!!!
Your Bows skill increases to level 25!!!
Your Crossbows skill increases to level 25!!!
Your base Throwing skill increases to level 25!!!
Your Armour skill increases to level 25!!!
Your Shields skill increases to level 25!!!
Your Unarmed Combat skill increases to level 25!!!
Your Spellcasting skill increases to level 25!!!
You have mastered Conjurations!!!
You have mastered Hexes!!!
You have mastered Summonings!!!
Your Translocations skill increases to level 25!!!
Your Transmutations skill increases to level 25!!!
Your Fire Magic skill increases to level 25!!!
Your Ice Magic skill increases to level 25!!!
Your Air Magic skill increases to level 25!!!
Your Earth Magic skill increases to level 25!!!
You have mastered Poison Magic!!!
You have mastered Evocations!!!
You take 51 damage, and have 5/249 hp!
MASSIVE DAMAGE!!!!!!
The tyrant waves its bony arms in wide circles!
The air twists around and strikes you!!!!!!!!! rip

## ...### ......####
###......####
.......@....####
....o..........####
.............§§§......#
.#.#.......#..§)§......#
.........####{o§.......#
.......o........oD.........#
.................L..#......#
........................)..#
....................#..M.).#


You could see a tyrant (fast), an eight-headed meat hydra and 2 bags of meat.

Vanquished Creatures
  8 hell beasts (D)
  2 royal mummies (D)
  A wraith (D)
  7 vampire knights (D)
  26 ogres (D)
  5 two-headed ogres (D)
  50 orcs (D)
  3 skeletal warriors (D)
102 creatures vanquished.

Notes
Turn   | Place    | Note
-------+----------+-------------------------------------------
     0 | D        | Found the +∞ Axe of Woe
     0 | D        | namelastname112 the Demonspawn Monk began the quest for the
                  | Orb.
     0 | D        | Reached XP level 1. HP: 18/18 MP: 1/1
     2 | D        | Noticed a bag of meat
     4 | D        | Became a worshipper of Makhleb the Destroyer
     4 | D        | Reached * piety under Makhleb
     4 | D        | Reached ** piety under Makhleb
     5 | D        | Noticed a meat berserker
     6 | D        | Noticed a bag of meat
     6 | D        | Noticed a bag of meat
     7 | D        | Noticed a bag of meat
     8 | D        | Killed a meat berserker
     8 | D        | Killed a bag of meat
     8 | D        | Noticed a bag of meat
     9 | D        | Gained mutation: Your touch may inflict minor irresistible
                  | damage on your foes. [demonic ancestry]
     9 | D        | Reached XP level 2. HP: 49/49 MP: 2/2
     9 | D        | Reached XP level 3. HP: 55/55 MP: 3/3
     9 | D        | Gained mutation: A meltable shield of frost defends you.
                  | (SH +0) [demonic ancestry]
     9 | D        | Reached XP level 4. HP: 63/63 MP: 4/4
     9 | D        | Reached XP level 5. HP: 69/69 MP: 5/5
     9 | D        | Reached XP level 6. HP: 76/76 MP: 6/6
     9 | D        | Gained mutation: Your touch may inflict irresistible damage
                  | on your foes. [demonic ancestry]
     9 | D        | Reached XP level 7. HP: 83/83 MP: 7/7
     9 | D        | Gained mutation: When seriously injured, your blood forms
                  | armour. (AC +12) [demonic ancestry]
     9 | D        | Reached XP level 8. HP: 90/90 MP: 8/8
     9 | D        | Reached XP level 9. HP: 96/96 MP: 9/9
     9 | D        | Gained mutation: You sometimes gain a little power by
                  | taking damage. [demonic ancestry]
     9 | D        | Reached XP level 10. HP: 104/104 MP: 10/10
     9 | D        | Gained mutation: You sometimes gain power by taking damage.
                  | [demonic ancestry]
     9 | D        | Reached XP level 11. HP: 110/110 MP: 11/11
     9 | D        | Gained mutation: Your touch may irresistibly damage your
                  | foes and sap their willpower. [demonic ancestry]
     9 | D        | Reached XP level 12. HP: 117/117 MP: 12/12
     9 | D        | Noticed a bag of meat
    10 | D        | Noticed a meat berserker
    10 | D        | Noticed a bag of meat
    11 | D        | Noticed a bag of meat
    11 | D        | Noticed a bag of meat
    11 | D        | Noticed a bag of meat
    12 | D        | Noticed a bag of meat
    12 | D        | Noticed a bag of meat
    12 | D        | Noticed a meat berserker
    13 | D        | Noticed a meat berserker
    13 | D        | Noticed a meat berserker
    13 | D        | Killed a meat berserker
    13 | D        | Reached *** piety under Makhleb
    13 | D        | Noticed a meat berserker
    14 | D        | Gained mutation: You are powered by pain. [demonic
                  | ancestry]
    14 | D        | Reached XP level 13. HP: 128/128 MP: 13/13
    14 | D        | Killed a bag of meat
    14 | D        | Killed a bag of meat
    14 | D        | Noticed a meat berserker
    14 | D        | Noticed a bag of meat
    14 | D        | Noticed a bag of meat
    15 | D        | Gained mutation: A meltable icy envelope protects you from
                  | harm. (AC +0) [demonic ancestry]
    15 | D        | Reached XP level 14. HP: 139/139 MP: 14/14
    15 | D        | Noticed a bag of meat
    15 | D        | Noticed a bag of meat
    15 | D        | Noticed a bag of meat
    15 | D        | Noticed a bag of meat
    15 | D        | Noticed a bag of meat
    15 | D        | Noticed a bag of meat
    16 | D        | Noticed a destroyer
    17 | D        | Killed a meat berserker
    17 | D        | Killed a bag of meat
    17 | D        | Reached **** piety under Makhleb
    17 | D        | Noticed a bag of meat
    17 | D        | Noticed a destroyer
    17 | D        | Noticed a bag of meat
    18 | D        | Reached skill level 10 in Stealth
    18 | D        | Noticed a meat berserker
    18 | D        | Noticed a bag of meat
    18 | D        | Noticed a bag of meat
    18 | D        | Noticed a bag of meat
    18 | D        | Noticed a bag of meat
    18 | D        | Noticed a meat berserker
    18 | D        | Noticed a bag of meat
    19 | D        | Noticed a meat berserker
    19 | D        | Killed a meat berserker
    19 | D        | Killed a meat berserker
    19 | D        | Killed a bag of meat
    19 | D        | Killed a bag of meat
    19 | D        | Reached ***** piety under Makhleb
    19 | D        | Killed a destroyer
    19 | D        | Killed a meat berserker
    19 | D        | Killed a meat berserker
    20 | D        | Reached skill level 27 in Fighting
    20 | D        | Reached skill level 27 in Axes
    20 | D        | Reached skill level 27 in Dodging
    20 | D        | Reached XP level 15. HP: 96/159 MP: 15/15
    20 | D        | Reached XP level 16. HP: 101/167 MP: 16/16
    20 | D        | Gained mutation: When seriously injured, your blood forms
                  | thick armour. (AC +12) [demonic ancestry]
    20 | D        | Reached XP level 17. HP: 105/174 MP: 17/17
    21 | D        | Noticed a large bag of meat
    21 | D        | Killed a destroyer
    22 | D        | Reached skill level 27 in Stealth
    22 | D        | Reached ****** piety under Makhleb
    23 | D        | Reached skill level 5 in Conjurations
    23 | D        | Reached skill level 5 in Hexes
    23 | D        | Reached skill level 5 in Summonings
    23 | D        | Reached skill level 5 in Necromancy
    23 | D        | Reached skill level 5 in Poison Magic
    23 | D        | Reached skill level 5 in Evocations
    23 | D        | Reached XP level 18. HP: 182/182 MP: 17/25
    26 | D        | Killed a meat berserker
    27 | D        | Reached skill level 5 in Long Blades
    27 | D        | Reached skill level 5 in Maces & Flails
    27 | D        | Reached skill level 5 in Polearms
    27 | D        | Reached skill level 5 in Staves
    27 | D        | Noticed a large bag of meat
    27 | D        | Noticed a meat berserker
    28 | D        | Noticed a meat berserker
    28 | D        | Noticed a meat berserker
    29 | D        | Noticed a destroyer
    29 | D        | Noticed a meat berserker
    29 | D        | Noticed a meat berserker
    30 | D        | Killed a meat berserker
    31 | D        | Reached skill level 10 in Invocations
    31 | D        | Noticed a sculptor of flesh
    32 | D        | Killed a meat berserker
    32 | D        | Killed a destroyer
    33 | D        | Reached skill level 10 in Necromancy
    33 | D        | Reached XP level 19. HP: 189/189 MP: 18/31
    33 | D        | Killed a meat berserker
    33 | D        | Killed a meat berserker
    34 | D        | Reached skill level 10 in Short Blades
    34 | D        | Reached skill level 10 in Slings
    34 | D        | Reached skill level 10 in Bows
    34 | D        | Reached skill level 10 in Crossbows
    34 | D        | Reached skill level 10 in Throwing
    34 | D        | Reached skill level 10 in Armour
    34 | D        | Reached skill level 10 in Shields
    34 | D        | Reached skill level 10 in Unarmed Combat
    34 | D        | Reached skill level 10 in Spellcasting
    34 | D        | Reached skill level 10 in Translocations
    34 | D        | Reached skill level 10 in Transmutations
    34 | D        | Reached skill level 10 in Fire Magic
    34 | D        | Reached skill level 10 in Ice Magic
    34 | D        | Reached skill level 10 in Air Magic
    34 | D        | Reached skill level 10 in Earth Magic
    34 | D        | Gained mutation: Your magical and physical power is
                  | slightly enhanced at high health. [demonic ancestry]
    34 | D        | Reached XP level 20. HP: 197/197 MP: 18/34
    34 | D        | Killed a meat berserker
    34 | D        | Killed a meat berserker
    35 | D        | Reached skill level 15 in Invocations
    35 | D        | Killed a meat berserker
    35 | D        | Noticed a large bag of meat
    36 | D        | Killed a large bag of meat
    37 | D        | Reached skill level 10 in Long Blades
    37 | D        | Reached skill level 10 in Maces & Flails
    37 | D        | Reached skill level 10 in Polearms
    37 | D        | Reached skill level 10 in Staves
    37 | D        | Reached XP level 21. HP: 151/204 MP: 35/37
    38 | D        | Reached skill level 15 in Necromancy
    38 | D        | Noticed a destroyer
    41 | D        | Killed a large bag of meat
    42 | D        | Reached skill level 15 in Conjurations
    42 | D        | Reached skill level 15 in Hexes
    42 | D        | Reached skill level 15 in Summonings
    42 | D        | Reached skill level 15 in Poison Magic
    42 | D        | Reached skill level 15 in Evocations
    42 | D        | Gained mutation: Your magical and physical power is
                  | enhanced at high health. [demonic ancestry]
    42 | D        | Reached XP level 22. HP: 161/212 MP: 36/40
    42 | D        | Noticed a destroyer
    44 | D        | Killed a large bag of meat
    44 | D        | Noticed a destroyer
    45 | D        | Reached skill level 15 in Short Blades
    45 | D        | Reached skill level 15 in Slings
    45 | D        | Reached skill level 15 in Bows
    45 | D        | Reached skill level 15 in Crossbows
    45 | D        | Reached skill level 15 in Throwing
    45 | D        | Reached skill level 15 in Armour
    45 | D        | Reached skill level 15 in Shields
    45 | D        | Reached skill level 15 in Unarmed Combat
    45 | D        | Reached skill level 15 in Spellcasting
    45 | D        | Reached skill level 15 in Translocations
    45 | D        | Reached skill level 15 in Transmutations
    45 | D        | Reached skill level 15 in Fire Magic
    45 | D        | Reached skill level 15 in Ice Magic
    45 | D        | Reached skill level 15 in Air Magic
    45 | D        | Reached skill level 15 in Earth Magic
    47 | D        | Reached XP level 23. HP: 204/219 MP: 37/42
    48 | D        | Noticed a large bag of meat
    49 | D        | Killed a destroyer
    55 | D        | Gained mutation: When seriously injured, your blood forms
                  | very thick armour. (AC +12) [demonic ancestry]
    55 | D        | Reached XP level 24. HP: 142/227 MP: 43/44
    56 | D        | Reached skill level 15 in Long Blades
    56 | D        | Reached skill level 15 in Maces & Flails
    56 | D        | Reached skill level 15 in Polearms
    56 | D        | Reached skill level 15 in Staves
    56 | D        | Noticed an accursed
    56 | D        | Killed an accursed
    56 | D        | Killed a destroyer
    57 | D        | Noticed an accursed
    58 | D        | Killed a destroyer
    58 | D        | Killed a large bag of meat
    60 | D        | Noticed a destroyer
    62 | D        | Gained mutation: A meltable icy envelope protects you from
                  | harm. (AC +0) [demonic ancestry]
    62 | D        | Reached XP level 25. HP: 189/234 MP: 45/45
    62 | D        | Killed a destroyer
    63 | D        | Noticed a large bag of meat
    63 | D        | Noticed a meat beast
    66 | D        | Killed a meat beast
    67 | D        | Killed an accursed
    68 | D        | Reached skill level 27 in Invocations
    68 | D        | Reached XP level 26. HP: 215/242 MP: 45/47
    72 | D        | Noticed a dread
    73 | D        | Noticed a meat beast
    74 | D        | Noticed a meat beast
    76 | D        | Killed a meat beast
    77 | D        | Killed a meat beast
    78 | D        | Gained mutation: Your magical and physical power is greatly
                  | enhanced at high health. [demonic ancestry]
    78 | D        | Reached XP level 27. HP: 243/249 MP: 47/49
    78 | D        | Noticed a tyrant
    81 | D        | Killed a dread
    82 | D        | Noticed a meat beast
    82 | D        | Noticed a meat beast
    83 | D        | Noticed a meat beast
    83 | D        | Noticed a meat beast
    86 | D        | Killed a meat beast
    87 | D        | Noticed a meat beast
    88 | D        | Killed a meat beast
    88 | D        | Killed a large bag of meat
    89 | D        | Reached skill level 27 in Necromancy
    89 | D        | Killed a meat beast
    91 | D        | Killed a meat beast
    92 | D        | Killed a meat beast
    92 | D        | HP: 5/221 [something/bolt of negative energy (82)]
    93 | D        | Reached skill level 27 in Conjurations
    93 | D        | Reached skill level 27 in Hexes
    93 | D        | Reached skill level 27 in Summonings
    93 | D        | Reached skill level 27 in Poison Magic
    93 | D        | Reached skill level 27 in Evocations
    93 | D        | Noticed an accursed
    93 | D        | Killed from afar by a tyrant

Illustrated notes

Levels and vault maps discovered:
D:        meatsprint

Skill      XL: |  1  2  3  4  5  6  7  8  9 10 11 12 13 14 15 16 17 18 19 20 21 22 23 24 25 26 27 |
---------------+----------------------------------------------------------------------------------+-----
Fighting       | 18 20 21 27 | 27.0
Axes           | 18 19 21 27 | 27.0
Dodging        | 16 18 20 27 | 27.0
Stealth        | 7 8 9 24 27 | 27.0
Short Blades   | 4 8 10 12 14 15 17 18 20 22 25 | 25.0
Long Blades    | 4 7 8 10 12 13 14 16 17 19 23 | 23.3
Maces & Flails | 4 7 8 10 12 13 14 16 17 19 23 | 23.3
Polearms       | 4 7 8 10 12 13 14 16 17 19 23 | 23.2
Staves         | 4 7 8 10 12 13 14 16 17 19 23 | 23.3
Slings         | 4 8 10 12 14 15 17 18 20 22 25 | 25.0
Bows           | 4 8 10 12 14 15 17 18 20 22 25 | 25.0
Crossbows      | 4 8 10 12 14 15 17 18 20 22 25 | 25.0
Throwing       | 4 8 10 12 14 15 17 18 20 22 25 | 25.0
Armour         | 4 8 10 12 14 15 17 18 20 22 25 | 25.0
Shields        | 4 8 10 12 14 15 17 18 20 22 25 | 25.0
Unarmed Combat | 4 8 10 12 14 15 17 18 20 22 25 | 25.0
Spellcasting   | 4 8 10 12 14 15 17 18 20 22 25 | 25.4
Conjurations   | 5 9 11 13 15 17 18 20 21 23 27 | 27.0
Hexes          | 5 9 11 13 15 17 18 20 21 23 27 | 27.0
Summonings     | 5 9 11 13 15 17 18 20 21 23 27 | 27.0
Necromancy     | 5 10 12 14 16 18 19 21 23 25 27 | 27.0
Translocations | 4 8 10 12 14 15 17 18 20 22 25 | 25.0
Transmutations | 4 8 10 12 14 15 17 18 20 22 25 | 25.0
Fire Magic     | 4 8 10 12 14 15 17 18 20 22 25 | 25.0
Ice Magic      | 4 8 10 12 14 15 17 18 20 22 25 | 25.0
Air Magic      | 4 8 10 12 14 15 17 18 20 22 25 | 25.0
Earth Magic    | 4 8 10 12 14 15 17 18 20 22 25 | 25.4
Poison Magic   | 5 9 11 13 15 17 18 20 21 23 27 | 27.0
Invocations    | 6 12 14 16 19 21 23 25 27 | 27.0
Evocations     | 5 9 11 13 15 17 18 20 21 23 27 | 27.0

Action                   |  1- 3 |  4- 6 |  7- 9 | 10-12 | 13-15 | 16-18 | 19-21 | 22-24 | 25-27 || total
-------------------------+-------+-------+-------+-------+-------+-------+-------+-------+-------++-------
Melee: Executioner's axe |     1 |       |       |     1 |     3 |     5 |     8 |    12 |    16 ||    46
 Stab: Distracted        |       |       |       |       |       |       |       |     1 |     1 ||     2
Armor: Robe              |       |       |       |       |       |       |       |     1 |       ||     1
Dodge: Dodged            |       |       |       |       |       |     2 |       |       |     3 ||     5
Block: Other             |       |       |       |       |     1 |       |       |       |       ||     1

Table legend: (Time is in decaauts)
 A = Elapsed time spent in this place.
 B = Non-inter-level travel time spent in this place.
 C = Inter-level travel time spent in this place.
 D = Time resting spent in this place.
 E = Time spent auto-exploring this place.
 F = Levels seen in this place.
 G = Mean time per level.
                   A        B        C        D        E       F      G
               +--------+--------+--------+--------+--------+-----+--------+
         Total |     80 |     80 |      0 |      0 |      0 |   1 |   80.0 |
       Dungeon |     80 |     80 |      0 |      0 |      0 |   1 |   80.0 |
               +--------+--------+--------+--------+--------+-----+--------+

Top non-repeatable levels by time:
       D: 80 daAuts
